 Dungeon Crawl Stone Soup version 0.30-a0-760-g5a9884bb7c (webtiles) character file.

Game seed: 13023808568957756185

1416519 browni3141 the Planerender (level 26, 204/207 HPs)
             Began as a Mummy Cinder Acolyte on Feb 11, 2023.
             Was an Initiate of Ignis.
             Escaped with the Orb
             ... and 3 runes!
             The game lasted 05:51:42 (99762 turns).

browni3141 the Planerender (Mummy Cinder Acolyte)  Turns: 99762, Time: 05:51:42

Health: 204/207    AC: 29    Str: 10    XL:     26   Next: 26%
Magic:  6/60       EV:  8    Int: 37    God:    Ignis [......]
Gold:   3141       SH: 17    Dex: 12    Spells: 2/73 levels left

rFire   + . .      SeeInvis +    s - +10 trident of Anxiety {speed, *Rage rElec rCorr Int+3}
rCold   + + +      Faith    +    R - +5 kite shield {rF+}
rNeg    + + +      Spirit   +    m - +3 ice dragon scales
rPois   ∞          Reflect  .    O - +2 helmet {Int+3}
rElec   +          Harm     .    a - +2 cloak
rCorr   +          Rampage  .    Z - +0 pair of gloves of Pantheism {Regen+ Str-3 Stlth+}
Will    +++..                    y - +2 pair of boots
Stlth   +                        Q - amulet "Not Unim" {Spirit Fragile rF+ Dex+2 Stlth+}
HPRegen 1.34/turn                C - ring of protection from fire
MPRegen 0.37/turn                P - ring "Zahe" {rF- MP+9 Str-4 Int+8 SInv}

@: studying 2 skills
A: cold resistance 1, negative energy resistance 3, torment resistance 2, heat
vulnerability 1, in touch with death 2, no potions, faith
0: Orb of Zot
}: 3/15 runes: serpentine, barnacled, slimy
a: Renounce Religion


You escaped.
You worshipped Ignis.
Ignis was noncommittal.
You visited 11 branches of the dungeon, and saw 53 of its levels.
You visited the Abyss 1 time.
You visited 1 bazaar.
You also visited: Gauntlet, Ice Cave and Wizlab.

You collected 7194 gold pieces.
You spent 4053 gold pieces at shops.

Inventory:

Hand Weapons
 s - the +10 trident of Anxiety (weapon) {speed, *Rage rElec rCorr Int+3}
   (You took it off a deep elf pyromancer on level 3 of the Elven Halls)

   Int:       It affects your intelligence (+3).
   rElec:     It insulates you from electricity.
   *Rage:     It berserks you when you make melee attacks (+20% chance).
   rCorr:     It protects you from acid and corrosion.
Missiles
 N - 2 throwing nets
Armour
 a - a +2 cloak (worn)
 k - a +2 tower shield
 m - +3 ice dragon scales (worn)
 y - a +2 pair of boots (worn)
 O - a +2 helmet of intelligence (worn)
 R - a +5 kite shield of fire resistance (worn)
 Z - the +0 pair of gloves of Pantheism (worn) {Regen+ Str-3 Stlth+}
   (You bought it in a shop in a bazaar)

   Str:       It affects your strength (-3).
   Regen:     It increases your rate of health regeneration.
   Stlth:     It makes you more stealthy.
Magical Staves
 S - a staff of air
Jewellery
 n - the ring of Sekomul {Wiz rF- Str+6 Dex+6 Stlth-}
   (You took it off a minotaur in a Gauntlet)

   [ring of wizardry]

   It improves your spell success rate.
   Str:       It affects your strength (+6).
   Dex:       It affects your dexterity (+6).
   rF:        It makes you vulnerable to fire.
   Stlth:     It makes you less stealthy.
 o - the ring of Buluidgh {rC+ Str+3}
   (You found it on level 5 of the Pits of Slime)

   [ring of protection from cold]

   Str:       It affects your strength (+3).
   rC:        It protects you from cold.
 p - a ring of protection from fire
 t - a +6 ring of intelligence
 x - an amulet of regeneration
 z - the ring of Jealousy {Ice Slay+3}
   (You took it off Josephina on level 2 of the Realm of Zot)

   [ring of ice]

   It enhances your ice magic.
   Slay:      It affects your accuracy & damage with ranged weapons and melee
   (+3).
   rF:        It makes you vulnerable to fire.
   rC:        It protects you from cold.
 A - a +4 ring of protection
 C - a ring of protection from fire (left hand)
 E - a ring of see invisible
 G - a ring of wizardry
 I - an amulet of guardian spirit
 L - an amulet of reflection
 P - the ring "Zahe" (right hand) {rF- MP+9 Str-4 Int+8 SInv}
   (You found it in a Gauntlet)

   [ring of magical power]

   Str:       It affects your strength (-4).
   Int:       It affects your intelligence (+8).
   rF:        It makes you vulnerable to fire.
   MP:        It affects your magic capacity (+9).
   SInv:      It lets you see invisible.
 Q - the amulet "Not Unim" (around neck) {Spirit Fragile rF+ Dex+2 Stlth+}
   (You found it in a Gauntlet)

   [amulet of guardian spirit]

   It causes incoming damage to be divided between your reserves of health and
   magic.
   Dex:       It affects your dexterity (+2).
   rF:        It protects you from fire.
   Fragile:   It will be destroyed if unequipped.
   Stlth:     It makes you more stealthy.
 T - the ring of Jeanol {Fly rPois Will+ Str+2}
   (You found it on level 5 of the Pits of Slime)

   [ring of willpower]

   Str:       It affects your strength (+2).
   rPois:     It protects you from poison.
   Fly:       It grants you flight.
   Will:      It increases your willpower.
 V - the ring "Ycrixiz" {Fire Fly rElec Will- rCorr}
   (You bought it in a shop on level 1 of the Orcish Mines)

   [ring of fire]

   It enhances your fire magic.
   rF:        It protects you from fire.
   rC:        It makes you vulnerable to cold.
   rElec:     It insulates you from electricity.
   Fly:       It grants you flight.
   rCorr:     It protects you from acid and corrosion.
   Will:      It decreases your willpower.
 W - a +4 ring of slaying
Wands
 b - a wand of digging (7)
 e - a wand of roots (5)
 i - a wand of flame (38)
 j - a wand of charming (33)
 D - a wand of mindburst (31)
 F - a wand of polymorph (9)
 X - a wand of acid (9)
Scrolls
 c - 7 scrolls of fear
 d - 8 scrolls of poison
 f - 15 scrolls of teleportation
 g - 9 scrolls of vulnerability
 q - 17 scrolls of noise
 u - a scroll of amnesia
 v - 2 scrolls of butterflies
 B - 56 scrolls of identify
 J - 12 scrolls of immolation
 K - 3 scrolls of magic mapping
 M - 2 scrolls of torment
Miscellaneous
 h - a box of beasts
 w - a phantom mirror
 H - a phial of floods
 U - a condenser vane
 Y - a tin of tremorstones (2/2)


   Skills:
 * Level 16.9 Fighting
 - Level 6.0 Short Blades
 + Level 12.1 Armour
 - Level 2.0 Dodging
 - Level 6.0 Stealth
 + Level 13.1 Shields
 - Level 24.0 Spellcasting
 - Level 6.0 Hexes
 O Level 27 Summonings
 - Level 6.0 Necromancy
 - Level 10.0 Translocations
 - Level 3.0 Fire Magic
 - Level 3.0 Ice Magic
 - Level 4.0 Evocations


You had 2 spell levels left.
You knew the following spells:

 Your Spells              Type           Power      Damage    Failure   Level
a - Summon Horrible Thin  Summ           63%        N/A       1%          8
b - Malign Gateway        Summ/Tloc      55%        N/A       2%          7
c - Summon Mana Viper     Hex/Summ       100%       N/A       1%          5
d - Monstrous Menagerie   Summ           63%        N/A       1%          7
e - Inner Flame           Hex/Fire       67%        N/A       2%          3
f - Cause Fear            Hex            36%        N/A       4%          4
g - Vampiric Draining     Necr           100%       2d13      1%          3
h - Anguish               Hex/Necr       58%        N/A       4%          4
i - Slow                  Hex            100%       N/A       1%          1
j - Apportation           Tloc           100%       N/A       1%          1
k - Confusing Touch       Hex            73%        N/A       1%          3
l - Summon Forest         Summ/Tloc      55%        N/A       1%          5
m - Summon Hydra          Summ           63%        N/A       1%          7
n - Dispel Undead         Necr           100%       3d31      4%          4
o - Dragon's Call         Summ           63%        N/A       9%          9

Your spell library contained the following spells:

 Spells                   Type           Power      Damage    Failure   Level
 Summon Small Mammal      Summ           100%       N/A       0%          1
 Freeze                   Ice            100%       1d10      1%          1
 Kiss of Death            Conj/Necr      100%       2d13      1%          1
 Necrotise                Necr           100%       1d9       1%          1
 Ensorcelled Hibernation  Hex/Ice        100%       N/A       1%          2
 Scorch                   Fire           100%       2d10      2%          2
 Foxfire                  Conj/Fire      100%       2x1d9     3%          1
 Cigotuvi's Dreadful Rot  Necr/Pois/Air  100%       N/A       3%          2
 Magic Dart               Conj           100%       1d8       6%          1
 Sandblast                Erth           88%        2d18      6%          1
 Sting                    Tmut/Pois      100%       1d8       6%          1
 Passwall                 Tmut/Erth      36%        N/A       9%          2
 Poisonous Vapours        Pois/Air       88%        N/A       9%          2
 Searing Ray              Conj           88%        2d7       9%          2
 Static Discharge         Conj/Air       88%        2-6/arc   9%          2
 Call Canine Familiar     Summ           100%       N/A       0%          3
 Summon Cactus Giant      Summ           63%        N/A       0%          6
 Summon Guardian Golem    Hex/Summ       100%       N/A       1%          3
 Summon Ice Beast         Ice/Summ       100%       N/A       1%          4
 Vhi's Electric Charge    Tloc/Air       100%       N/A       2%          3
 Dazzling Flash           Conj/Hex       100%       N/A       4%          3
 Frozen Ramparts          Ice            100%       1d16      4%          3
 Ozocubu's Armour         Ice            61%        N/A       4%          3
 Animate Dead             Necr           100%       N/A       4%          4
 Iskenderun's Mystic Bla  Conj/Tloc      69%        2d14      8%          4
 Hailstorm                Conj/Ice       53%        3d12      10%         3
 Agony                    Necr           100%       N/A       14%         5
 Stone Arrow              Conj/Erth      88%        3d12      17%         3
 Swiftness                Air            44%        N/A       17%         3
 Fulminant Prism          Conj/Hex       30%        3d15      17%         4
 Metabolic Englaciation   Hex/Ice        33%        N/A       26%         5
 Flame Wave               Conj/Fire      53%        2d13      30%         4
 Borgnjor's Vile Clutch   Necr/Erth      49%        N/A       43%         5
 Silence                  Hex/Air        30%        N/A       43%         5
 Yara's Violent Unravell  Hex/Tmut       30%        3d13      43%         5
 Olgreb's Toxic Radiance  Pois           44%        N/A       50%         4
 Death Channel            Necr           58%        N/A       58%         6
 Fireball                 Conj/Fire      26%        3d12      65%         5
 Freezing Cloud           Conj/Ice/Air   25%        6-21      71%         5
 Simulacrum               Ice/Necr       54%        N/A       80%         6
 Alistair's Intoxication  Tmut/Pois      29%        N/A       85%         5
 Arcjolt                  Conj/Air       22%        1d32      85%         5
 Lightning Bolt           Conj/Air       22%        1d37      85%         5
 Starburst                Conj/Fire      26%        6d8       99%         6
 Enfeeble                 Hex            36%        N/A       99%         7
 Eringya's Noxious Bog    Tmut/Pois      22%        N/A       100%        6
 Orb of Destruction       Conj           22%        9d8       100%        7
 Ozocubu's Refrigeration  Ice            30%        4d14      100%        7
 Discord                  Hex            36%        N/A       100%        8
 Ignition                 Fire           30%        3d10      100%        8
 Spider Form              Tmut/Pois      Unusable   N/A       N/A         3
 Ice Form                 Ice/Tmut       Unusable   N/A       N/A         4
 Dragon Form              Tmut           Unusable   N/A       N/A         7

Dungeon Overview and Level Annotations

Branches:
Dungeon (15/15)            Temple (0/1) D:5            Lair (5/5) D:9
 Shoals (4/4) Lair:3        Snake (4/4) Lair:2        Slime (5/5) Lair:4
    Orc (2/2) D:11            Elf (3/3) Orc:2        Vaults (5/5) D:14
  Crypt (1/3) Vaults:3     Depths (4/4) D:15            Zot (5/5) Depths:4
  IceCv (visited)          WizLab (visited)         Gauntlet (visited)

Altars:
Ashenzari
Fedhas
Gozag
Hepliaklqana
Kikubaaqudgha
Makhleb
Nemelex Xobeh
Okawaru
Uskayaw
Vehumet
Xom
Jiyva

Shops:
D:6 (   Orc:1 =   Orc:2 (:*=   Elf:1 (   Elf:2 (   Elf:3 =::   Snake:1 [
Snake:3 !   Vaults:4 (   Zot:3 *   Depths:2 !   Depths:4 =

Portals:
Hell: Depths:1 Depths:2 Depths:3 Depths:4
Abyss: Depths:1 Depths:2 Depths:3 Depths:4
Pandemonium: Depths:2
Ziggurat: Depths:3

Annotations:
D:14 1 runed translucent door, exclusion: door
Elf:1 1 runed translucent door
Elf:2 3 runed translucent doors
Vaults:3 exclusion: large abomination
Crypt:1 Mennas


Innate Abilities, Weirdness & Mutations

You are immune to poison.
Your flesh is cold resistant. (rC+)
You are immune to negative energy. (rN+++)
You are immune to unholy pain and torment.
You are vulnerable to heat. (rF-)
You are strongly in touch with the powers of death.
You do not drink.
You have a special connection with the divine. (Faith)


Message History

Your large abomination disappears in a puff of smoke!
The damnation engulfs the Hell Sentinel.
The Hell Sentinel completely resists.
The damnation engulfs your large abomination!!!
Your large abomination is destroyed!
Your large abomination disappears in a puff of smoke!
The damnation engulfs your tentacled monstrosity!
Your tentacled monstrosity dies!
Your tentacled monstrosity disappears in a puff of smoke!
A dragon tries to answer your call, but you don't have enough magical power!
Your quicksilver dragon breathes dispelling energy at the Hell Sentinel.
The bolt of dispelling energy hits the Hell Sentinel!
The Hell Sentinel dies!
You start resting.
Your quicksilver dragon disappears in a puff of smoke!
Your fire dragon disappears in a puff of smoke!
Your quicksilver dragon disappears in a puff of smoke!
Your large abomination disappears in a puff of smoke!
HP restored.
You start resting.
The roar of the dragon horde subsides.
Your large abomination disappears in a puff of smoke!
You start resting.
You can once more reach out to the dragon horde.
You start resting.
A smoke demon opens the door.
A smoke demon is nearby!
The smoke demon gestures at you. Something smites you!
The smoke demon hits your large abomination but does no damage. x2
The smoke demon barely misses your large abomination.
Your large abomination hits the smoke demon!!
The smoke demon hits your large abomination but does no damage.
The smoke demon barely misses your large abomination. x2
Your large abomination hits the smoke demon!
The smoke demon dies!
Casting: Summon Horrible Things (mildly dangerous; 1% risk of failure)
Confirm with . or Enter, or press ? or * to list all spells.
A six-headed hydra appears.
You have escaped!

######...####.........##.#......#
.XX..X......'.........'.......#.#
######...####..#'#######.#...##.#
###XX# ##.#.## #.##..##.# ##.##X#
###..## #..(...... ##...#X#
#...## #####.#### ##......##
##....## #.#
#.....X..#####.D....## #.#
##.....#.'.....@.....# #.#
##...########XXX...## #.#
##.###.....##XX..## #.# #.#
#.##...#...## ### #.# #.#
#.#.####..## #.# #.# #.###..##
#.## #.####.# #......#
#'######......# #####..##
##..##.#..######
#.#.###.#.......#


You could see a friendly six-headed hydra (summoned) and 5 friendly large
abominations.

Vanquished Creatures
  the Royal Jelly (Slime:5)
  An ancient lich (Zot:5)
  Mara (Snake:4)
  The ghost of Liheutte the Intangible, a veteran MfMo of Cheibriados (Depths:3)
  A curse toe (Zot:5)
  A golden dragon (Zot:3)
  An electric golem (Zot:5)
  A bone dragon (Depths:4)
  3 Orb Guardians (Zot:5)
  2 acid blobs (Slime:5)
  A draconian monk (Zot:3)
  4 azure jellies (Slime:5)
  3 vault wardens
  A draconian shifter (Depths:4)
  A ghost moth (Zot:2)
  3 quicksilver oozes (Slime:5)
  A spriggan defender (Depths:2)
  3 ironbound preservers
  A stone giant (Vaults:5)
  2 ironbound thunderhulks (Vaults:2)
  3 very ugly things
  2 red draconians
  A deep elf demonologist (Elf:3)
  2 deep elf annihilators (Vaults:5)
  A minotaur (Gauntlet)
  A merfolk javelineer (Shoals:4)
  A merfolk impaler (Shoals:4)
  18 vault guards
  2 boulder beetles (Lair:2)
  A centaur warrior (Vaults:2)
  An orc high priest (Orc:1)
  2 deep elf knights (Elf:1)
  A fire crab (Lair:5)
  A sun demon (WizLab)
  A skyshark (Lair:3)
  2 deep trolls (Vaults:4)
  A glowing orange brain (Abyss:3)
  2 ironbound convokers
  4 deep elf pyromancers
  A phantasmal warrior (Vaults:5)
  A deep elf zephyrmancer (Elf:1)
  2 ugly things (Depths:1)
  2 manticores
  A salamander (Snake:2)
  4 moths of wrath
  Joseph (D:8)
  4 nameless horrors
  An elephant (Lair:5)
  2 black mambas
  2 cane toads
  3 yaktaurs (Vaults:2)
  A komodo dragon (Lair:5)
  A hellion (D:14)
  A tormentor (WizLab)
  A rime drake (Lair:4)
  A queen bee (shapeshifter) (Elf:3)
  A troll (D:9)
  14 blink frogs
  Grinder (D:3)
  A dream sheep (Lair:4)
  2 raiju
  2 slime creatures
  A water elemental (Abyss:3)
  6 yaks
  2 wyverns (Lair:5)
  A ynoxinul (Abyss:3)
  A golden eye (Slime:2)
  3 vampire mosquitoes (D:12)
  3 steam dragons
  A warg (Orc:1)
  9 water moccasins
  A hell hound (Lair:5)
  3 sky beasts
  An ice beast (D:6)
  2 black bears
  2 orc warriors
  2 ogres
  4 wolves
  4 centaurs
  A kobold brigand (D:7)
  7 bullfrogs
  A necrophage (D:7)
  A scorpion (D:6)
  A gnoll sergeant (D:7)
  10 wights (D:8)
  3 killer bees
  2 howler monkeys
  An electric eel (Lair:3)
  4 hounds
  6 orc priests
  3 gnoll boudas
  Natasha (thrice) (D:3)
  Terence (D:3)
  5 orc wizards
  An iguana (D:4)
  8 adders
  19 gnolls
  3 shadow imps
  5 white imps
  2 ufetubi
  2 worms
  27 orcs
  5 ball pythons
  6 endoplasms
  3 giant cockroaches
  7 hobgoblins
  4 jackals (D:1)
  9 quokkas
  3 bats
  6 frilled lizards
  9 goblins
  14 kobolds
  8 rats
  2 butterflies (D:4)
368 creatures vanquished.

Vanquished Creatures (collateral kills)
  8 orbs of fire (Zot:5)
  3 ancient liches (Zot:5)
  A juggernaut (Depths:3)
  Boris (twice) (Vaults:2 Vaults:3)
  Josephina (Zot:2)
  5 Killer Klowns
  Saint Roka (Depths:1)
  4 curse toes
  Vashnia (Snake:4)
  A caustic shrike (Depths:3)
  6 golden dragons
  A bone dragon (Abyss:2)
  A Tzitzimitl (D:1)
  4 electric golems
  A Brimstone Fiend (Depths:4)
  2 hellephants (Depths:1)
  2 Hell Sentinels
  2 Ice Fiends
  Mlioglotl (Lair:3)
  A walking crystal tome (Depths:3)
  21 tentacled monstrosities
  Zenata (Vaults:1)
  Asterion (Depths:2)
  9 quicksilver dragons
  2 liches
  4 deep elf blademasters (Elf:3)
  25 Orb Guardians
  4 deep elf master archers (Elf:3)
  19 acid blobs
  The ghost of AverageBear the Tortoise, an adept DsFi of Gozag (Depths:2)
  A kraken (Shoals:1)
  Polyphemus (Shoals:3)
  18 death cobs
  7 sphinxes
  16 storm dragons
  7 nagarajas
  The ghost of Beavis the Fighter, an adept GnWn of Cheibriados (D:15)
  11 shadow dragons
  13 azure jellies
  Roxanne (D:15)
  13 rockslimes
  7 draconian monks
  A fire giant (Depths:3)
  2 draconian knights
  4 draconian scorchers
  13 vault wardens
  Louise (Depths:1)
  6 frost giants (Depths:3)
  10 deep elf sorcerers
  2 spectral caustic shrikes (Depths:4)
  5 draconian shifters
  A reaper (WizLab)
  Aizul (Snake:2)
  A ghost moth (Zot:4)
  An orc warlord (Vaults:3)
  6 draconian stormcallers
  A deep elf elementalist (Elf:3)
  11 ironbound thunderhulks
  22 very ugly things
  2 war gargoyles (Zot:2)
  4 draconian annihilators
  10 quicksilver oozes
  A juggernaut skeleton (Depths:1)
  11 ironbound preservers
  A deep elf demonologist (Elf:3)
  10 green draconians
  8 stone giants
  3 vampire knights
  8 deep elf annihilators
  19 black draconians
  A lorocyproca (D:7)
  9 red draconians
  A minotaur (Zot:5)
  14 purple draconians
  10 white draconians
  10 yellow draconians
  13 dire elephants
  An eidolon (Vaults:3)
  9 spark wasps
  2 blizzard demons
  Snorg (D:10)
  6 merfolk javelineers
  12 deep elf death magi
  4 green deaths
  9 deep elf high priests
  5 fire dragons
  86 slime creatures
  8 merfolk impalers
  An entropy weaver (Vaults:3)
  8 ettins
  A jiangshi (Crypt:1)
  6 yaktaur captains
  Harold (D:10)
  4 rakshasas
  6 great orbs of eyes
  4 ice dragons
  2 salamander tyrants (Snake:4)
  9 vault guards
  5 hydras
  2 merfolk avatars
  2 ogre magi
  3 spriggan air magi
  6 ironbound frosthearts
  3 catoblepae
  6 anacondas
  5 centaur warriors
  5 merfolk aquamancers
  23 dancing weapons
  7 hell hogs (Depths:1)
  A ghost crab (Gauntlet)
  A satyr (Shoals:3)
  4 two-headed ogres
  7 deep troll shamans
  2 death yaks (Shoals:3)
  A thrashing horror (Abyss:3)
  A vampire mage (Abyss:3)
  3 boulder beetles
  2 deep troll earth magi
  3 tengu warriors (Depths:1)
  2 orc high priests
  4 spriggan berserkers
  4 shock serpents
  8 naga warriors
  5 hell knights (Depths:4)
  12 naga sharpshooters
  A salamander mystic (Snake:2)
  12 deep elf knights
  3 iron trolls
  7 sixfirhies
  3 spectral anacondas (Snake:4)
  3 skeletal warriors (D:15)
  48 deep trolls
  2 skysharks
  A shadow demon (WizLab)
  A storm dragon skeleton (D:15)
  9 sea snakes
  An orb spider (Abyss:3)
  5 anaconda zombies (Snake:4)
  4 anaconda skeletons (Snake:4)
  4 glowing orange brains
  5 necromancers
  16 deep elf archers
  2 naga ritualists
  11 wizards
  3 lindwurms (Vaults:2)
  8 ironbound convokers
  33 deep elf pyromancers
  16 deep elf zephyrmancers
  A shadow dragon zombie (D:15)
  3 wolf spiders
  5 orc knights
  36 ugly things
  4 mana vipers
  A phantasmal warrior (D:15)
  13 harpies
  5 fauns (Shoals:3)
  A salamander (shapeshifter) (D:14)
  4 shining eyes
  13 manticores
  A fire giant zombie (D:15)
  3 cyclopes
  4 salamanders
  33 moths of wrath
  8 orc sorcerers
  An oklob plant (Lair:4)
  3 guardian serpents
  An iron dragon skeleton (Depths:1)
  8 elephants
  8 naga magi
  3 ice statues (IceCv)
  12 vault sentinels
  5 merfolk sirens
  34 black mambas
  3 rust devils
  An eye of devastation (Slime:2)
  9 cane toads
  A titan simulacrum (Vaults:4)
  14 water nymphs
  A hellion (Abyss:3)
  A minotaur zombie (Gauntlet)
  5 smoke demons
  2 rime drakes
  A gargoyle (D:12)
  An unseen horror (D:13)
  2 kobold demonologists
  8 komodo dragons
  A freezing wraith (IceCv)
  Psyche (D:10)
  4 efreet
  6 tengu conjurers
  2 ice devils
  A human skeleton (Vaults:1)
  54 yaktaurs
  7 anaconda simulacra
  A guardian mummy (D:15)
  19 merfolk
  An ancient zyme (Abyss:3)
  6 trolls
  3 hellwings (Depths:1)
  11 wind drakes
  A yaktaur skeleton (Vaults:1)
  2 red devils (Depths:2)
  3 trolls (shapeshifter)
  A meliai (shapeshifter) (Elf:1)
  9 polar bears (Lair:5)
  A tengu simulacrum (Vaults:4)
  6 hornets
  7 raiju
  A frost giant simulacrum (Depths:1)
  12 dream sheep
  8 snapping turtles
  A stone giant simulacrum (Vaults:4)
  17 blink frogs
  A draconian simulacrum (Zot:2)
  An ettin zombie (Depths:1)
  6 air elementals
  11 wyverns
  2 centaur simulacra
  A wraith (D:12)
  3 spriggans (Depths:3)
  An elf zombie (Vaults:1)
  A dire elephant simulacrum (IceCv)
  18 yaks
  26 water elementals
  6 ynoxinuls
  A vampire (D:9)
  2 basilisks
  Grum (D:8)
  5 redbacks
  4 chaos spawn
  22 golden eyes
  2 fire elementals
  A death yak simulacrum (IceCv)
  3 neqoxecs
  A green draconian simulacrum (Zot:2)
  2 human zombies
  8 wargs
  4 acid dragons
  An ogre zombie (Vaults:4)
  52 nagas
  17 water moccasins
  A hydra simulacrum (IceCv)
  14 hell hounds
  16 orc warriors
  11 black bears (Lair:5)
  A moth of wrath simulacrum (Zot:2)
  An ettin simulacrum (Depths:1)
  4 large abominations (Abyss:3)
  15 ogres
  A boggart (Elf:1)
  18 wolves
  2 centaurs
  A phantom (D:7)
  A kobold brigand (D:9)
  23 nameless horrors
  2 bullfrogs
  2 cane toad simulacra (IceCv)
  An earth elemental (Elf:2)
  A wight (D:8)
  An elephant simulacrum (IceCv)
  10 killer bees
  2 howler monkeys
  An electric eel (Lair:1)
  3 small abominations (Abyss:3)
  24 orc priests
  A gnoll bouda (D:8)
  20 orc wizards
  5 lightning spires (Zot:2)
  A wolf simulacrum (IceCv)
  A gnoll (D:8)
  A shadow imp (D:8)
  11 white imps (D:13)
  2 ufetubi (D:8)
  43 orcs
  A kobold (D:9)
  2 ball lightnings (Zot:2)
  2 tentacles (Shoals:1)
1858 creatures vanquished.

Vanquished Creatures (others)
  5 eldritch tentacles
  A draconian knight (Zot:3)
  A spark wasp (Depths:1)
  2 hydras (D:15)
  A salamander tyrant (Snake:2)
  An anaconda (Snake:1)
  2 two-headed ogres (D:15)
  A naga sharpshooter (Snake:3)
  4 deep elf knights (Elf:2)
  A skeletal warrior (D:15)
  A deep troll (Vaults:1)
  A naga ritualist (Snake:1)
  A deep elf archer (Elf:3)
  A deep elf pyromancer (Elf:2)
  A salamander (Snake:2)
  A cyclops (D:15)
  A moth of wrath (Zot:2)
  A water nymph (Shoals:4)
  A wind drake (Shoals:4)
  3 slime creatures (Slime:1)
  An air elemental (Shoals:4)
  A basilisk (Lair:5)
  A naga (Snake:3)
  A hell hound (Lair:5)
  A moth of wrath simulacrum (Zot:2)
  2 orc warriors (Orc:2)
  An ogre (Orc:1)
  A wolf (Lair:5)
  3 orc wizards (Orc:2)
  2 ufetubi (D:8)
  3 ball lightnings (Zot:2)
  100 foxfires
  49 fungi
  A lurking horror (Abyss:3)
  134 plants
  29 snaplasher vines
  2 starspawn tentacles (Lair:3)
  2 tentacles (Shoals:1)
  15 withered plants
380 creatures vanquished.

Grand Total: 2606 creatures vanquished

Notes
Turn   | Place    | Note
-------+----------+-------------------------------------------
     0 | D:1      | browni3141 the Mummy Cinder Acolyte began the quest for the
                  | Orb.
     0 | D:1      | Reached XP level 1. HP: 18/18 MP: 2/2
   202 | D:1      | Reached skill level 1 in Stealth
   298 | D:1      | Reached XP level 2. HP: 20/24 MP: 5/5
   916 | D:1      | Found a faded altar of an unknown god.
  1021 | D:1      | Gained mutation: You are in touch with the powers of death.
                  | [Mummy growth]
  1021 | D:1      | Reached XP level 3. HP: 28/29 MP: 6/6
  1904 | D:3      | Noticed Grinder
  1915 | D:3      | Killed Grinder
  1916 | D:3      | Reached XP level 4. HP: 35/35 MP: 7/7
  1916 | D:3      | Reached XP level 5. HP: 41/41 MP: 8/8
  1997 | D:3      | You fall into a shaft and drop 3 floors!
  1998 | D:6      | Noticed a sky beast
  2003 | D:6      | Learned a level 2 spell: Scorch
  2006 | D:6      | Killed a sky beast
  2007 | D:6      | Reached skill level 5 in Short Blades
  2007 | D:6      | Reached XP level 6. HP: 40/48 MP: 0/9
  2038 | D:6      | Noticed a steam dragon
  2046 | D:6      | Killed a steam dragon
  2069 | D:6      | Noticed a sky beast
  2081 | D:6      | Killed a sky beast
  2082 | D:6      | Reached XP level 7. HP: 41/54 MP: 0/11
  2105 | D:6      | Noticed a steam dragon
  2112 | D:6      | Killed a steam dragon
  2113 | D:6      | Reached skill level 1 in Armour
  2113 | D:6      | Reached skill level 1 in Dodging
  2518 | D:6      | Found Moefuryx's Weapon Emporium.
  2561 | D:5      | Entered Level 5 of the Dungeon
  2581 | D:5      | Found a staircase to the Ecumenical Temple.
  2740 | D:5      | Reached XP level 8. HP: 30/61 MP: 7/12
  2849 | D:4      | Reached skill level 1 in Evocations
  3365 | D:3      | Noticed Natasha
  3377 | D:3      | Killed Natasha
  3548 | D:3      | Noticed Natasha
  3558 | D:3      | Killed Natasha
  3625 | D:3      | Noticed Natasha
  3636 | D:3      | Killed Natasha
  3941 | D:3      | Noticed Terence
  3951 | D:3      | Killed Terence
  4218 | D:4      | Reached skill level 5 in Fighting
  4698 | D:4      | Found a shimmering altar of Xom.
  4835 | D:4      | Found an ancient bone altar of Kikubaaqudgha.
  4835 | D:4      | Found an opulent altar of Gozag.
  5156 | D:4      | Found a sparkling altar of Nemelex Xobeh.
  5714 | D:5      | Reached skill level 5 in Spellcasting
  6649 | D:6      | Learned a level 4 spell: Summon Ice Beast
  6664 | D:7      | Reached XP level 9. HP: 68/68 MP: 12/17
  6968 | D:7      | Reached skill level 1 in Summonings
  6968 | D:7      | Reached skill level 1 in Ice Magic
  7170 | D:7      | Reached skill level 2 in Summonings
  8289 | D:8      | Reached skill level 3 in Summonings
  8457 | D:7      | Reached skill level 4 in Summonings
  9074 | D:8      | Reached skill level 5 in Summonings
  9770 | D:8      | Reached XP level 10. HP: 56/74 MP: 19/19
  9776 | D:8      | Reached skill level 6 in Summonings
  9782 | D:8      | Learned a level 5 spell: Summon Mana Viper
  9840 | D:8      | Noticed Grum
  9856 | D:8      | Reached skill level 1 in Hexes
  9875 | D:8      | Killed Grum
  9977 | D:8      | Noticed Joseph
 10277 | D:8      | Killed Joseph
 10479 | D:9      | Reached skill level 7 in Summonings
 10769 | D:9      | Found a staircase to the Lair.
 11343 | Lair:1   | Entered Level 1 of the Lair of Beasts
 11389 | Lair:1   | Reached skill level 8 in Summonings
 11701 | Lair:1   | Reached XP level 11. HP: 80/80 MP: 11/21
 12114 | Lair:1   | Noticed a catoblepas
 12185 | Lair:1   | Killed a catoblepas
 12201 | Lair:1   | Reached skill level 9 in Summonings
 12882 | Lair:2   | Noticed a boulder beetle
 12899 | Lair:2   | Killed a boulder beetle
 13158 | Lair:2   | Noticed a boulder beetle
 13192 | Lair:2   | Killed a boulder beetle
 13548 | Lair:2   | Reached skill level 10 in Spellcasting
 13560 | Lair:2   | Reached skill level 10 in Summonings
 13568 | Lair:2   | Learned a level 7 spell: Monstrous Menagerie
 13692 | Lair:2   | Found a staircase to the Snake Pit.
 14151 | Lair:3   | Noticed a seven-headed hydra
 14157 | Lair:3   | Killed a seven-headed hydra
 14294 | Lair:3   | Reached XP level 12. HP: 64/88 MP: 17/26
 14446 | Lair:3   | Noticed a six-headed hydra
 14462 | Lair:3   | Killed a six-headed hydra
 14463 | Lair:3   | Reached skill level 11 in Summonings
 14932 | Lair:3   | Reached skill level 12 in Summonings
 15512 | Lair:3   | Noticed a four-headed hydra
 15518 | Lair:3   | Killed a four-headed hydra
 15707 | Lair:3   | Found a staircase to the Shoals.
 16028 | Lair:4   | Reached skill level 13 in Summonings
 16557 | Lair:4   | Gained mutation: You are strongly in touch with the powers
                  | of death. [Mummy growth]
 16557 | Lair:4   | Reached XP level 13. HP: 89/93 MP: 18/27
 16880 | Lair:4   | Found a blossoming altar of Fedhas.
 17050 | Lair:4   | Found a viscous altar of Jiyva.
 17064 | Lair:4   | Reached skill level 14 in Summonings
 17100 | Lair:4   | Found a staircase to the Slime Pits.
 17426 | Lair:5   | Entered Level 5 of the Lair of Beasts
 18418 | Lair:5   | Reached skill level 5 in Stealth
 18641 | Lair:5   | Reached skill level 15 in Summonings
 19177 | Lair:5   | Reached XP level 14. HP: 70/100 MP: 5/29
 21318 | D:10     | Entered Level 10 of the Dungeon
 21923 | D:10     | Noticed Harold
 21929 | D:10     | Killed Harold
 22028 | D:10     | Noticed Snorg
 22033 | D:10     | Killed Snorg
 22175 | D:10     | Found a burning altar of Makhleb.
 22302 | D:10     | Noticed Psyche
 22308 | D:10     | Killed Psyche
 22683 | D:11     | Found a staircase to the Orcish Mines.
 22842 | D:11     | Found a gate leading to a gauntlet.
 22851 | Gauntlet | Entered a Gauntlet
 22851 | Gauntlet | Found a transporter.
 22851 | Gauntlet | Found a transporter.
 22851 | Gauntlet | Found a transporter.
 22866 | Gauntlet | Found a transporter.
 22869 | Gauntlet | Found a transporter.
 22880 | Gauntlet | Found a transporter.
 22886 | Gauntlet | Found a transporter.
 22888 | Gauntlet | Found a transporter.
 22905 | Gauntlet | Found a transporter.
 22922 | Gauntlet | Found a transporter.
 22948 | Gauntlet | Found a transporter.
 23016 | Gauntlet | Found a transporter.
 23068 | Gauntlet | Identified the ring "Zahe" {rF- MP+9 Str-4 Int+8 SInv}
 23227 | Gauntlet | Learned a level 3 spell: Inner Flame
 23232 | Gauntlet | Learned a level 4 spell: Cause Fear
 23236 | Gauntlet | Learned a level 3 spell: Vampiric Draining
 23241 | Gauntlet | Learned a level 4 spell: Anguish
 23243 | Gauntlet | Learned a level 1 spell: Slow
 23245 | Gauntlet | Learned a level 1 spell: Apportation
 23249 | Gauntlet | Learned a level 3 spell: Confusing Touch
 23281 | Gauntlet | Identified the amulet "Not Unim" {Spirit Fragile rF+ Dex+2
                  | Stlth+}
 23318 | Gauntlet | Identified the ring of Sekomul {Wiz rF- Str+6 Dex+6 Stlth-}
 23399 | Gauntlet | Identified the +5 whip of Aclut {pain, rPois rC+ Int+3}
 23666 | D:11     | Found an ancient bone altar of Kikubaaqudgha.
 24496 | Orc:1    | Entered Level 1 of the Orcish Mines
 25149 | Orc:1    | Found Senuem's Jewellery Shoppe.
 25372 | Orc:2    | Entered Level 2 of the Orcish Mines
 25541 | Orc:2    | Found a staircase to the Elven Halls.
 25875 | Orc:2    | Reached skill level 5 in Hexes
 26399 | Orc:2    | Found Yhiku's General Store.
 26399 | Orc:2    | Found Hadwuihecw's Weapon Emporium.
 26402 | Orc:2    | Found Uhogav's Book Emporium.
 26404 | Orc:2    | Found Joelim's Jewellery Shoppe.
 27104 | Orc:2    | Bought a book of the Dragon for 598 gold pieces
 27104 | Orc:2    | Bought a Fen Folio for 546 gold pieces
 27143 | Orc:1    | Bought the ring "Ycrixiz" {Fire Fly rElec Will- rCorr} for
                  | 722 gold pieces
 27732 | D:12     | Reached skill level 16 in Summonings
 28165 | D:13     | Found a radiant altar of Vehumet.
 28433 | D:13     | Found a frozen archway.
 28556 | IceCv    | Entered an ice cave
 29225 | IceCv    | Reached XP level 15. HP: 108/108 MP: 12/32
 30488 | D:14     | Found a gate to the Vaults.
 30845 | D:14     | Found a runed translucent door.
 30971 | D:14     | Reached skill level 15 in Spellcasting
 31488 | D:15     | Entered Level 15 of the Dungeon
 31488 | D:15     | Found a runed translucent gate.
 31488 | D:15     | Found a runed translucent gate.
 31488 | D:15     | Found a runed translucent gate.
 31489 | D:15     | Noticed Beavis's ghost (adept GnWn)
 31565 | D:15     | Identified Roxanne's Quarto of Transition
 31565 | D:15     | Noticed Roxanne
 31587 | D:15     | Killed Roxanne
 31761 | D:15     | Found a flickering gateway to a bazaar.
 31819 | D:15     | Found a staircase to the Depths.
 31887 | Bazaar   | Entered a bazaar
 32019 | Bazaar   | Found Valiofer's Magic Scroll Shoppe.
 32020 | Bazaar   | Found Laisidd's General Store.
 32063 | Bazaar   | Found Ymotuoxala's Magic Scroll Emporium.
 32063 | Bazaar   | Found Tinamp's Armour Emporium.
 32085 | Bazaar   | Bought the +0 pair of gloves of Pantheism {Regen+ Str-3
                  | Stlth+} for 144 gold pieces
 32107 | Bazaar   | Bought a scroll of enchant armour for 45 gold pieces
 32107 | Bazaar   | Bought a scroll of enchant armour for 45 gold pieces
 32107 | Bazaar   | Bought a scroll of torment for 57 gold pieces
 32126 | Bazaar   | Bought a scroll of fog for 32 gold pieces
 32575 | D:15     | Learned a level 5 spell: Summon Forest
 32784 | D:15     | Found a staircase to the Depths.
 33040 | D:15     | Killed Beavis's ghost
 33273 | D:15     | Found a staircase to the Depths.
 33747 | D:15     | Found a staircase to the Depths.
 34069 | D:15     | Found a staircase to the Depths.
 34679 | Snake:1  | Entered Level 1 of the Snake Pit
 34719 | Snake:1  | Found Get Gitz's Armour Boutique.
 35730 | Snake:1  | Learned a level 7 spell: Summon Hydra
 36306 | Snake:2  | Noticed Aizul
 36315 | Snake:2  | Killed Aizul
 36934 | Snake:2  | Reached XP level 16. HP: 73/115 MP: 15/38
 37867 | Snake:3  | Found Qackid's Book Emporium.
 37867 | Snake:3  | Found Vuguniamn's Distillery.
 39019 | Snake:4  | Entered Level 4 of the Snake Pit
 39021 | Snake:4  | Noticed Mara
 39234 | Snake:4  | Noticed Vashnia
 39244 | Snake:4  | Identified the +5 trident "Ysotath" {drain, *Noise Fly
                  | rCorr Str-2}
 39499 | Snake:4  | Noticed browni3141's illusion
 39551 | Snake:4  | Killed Mara
 39744 | Snake:4  | Killed Vashnia
 40381 | Snake:4  | Identified the +5 spear "Egg" {freeze, Fragile Will+ Str+3}
 40400 | Snake:4  | Reached skill level 17 in Summonings
 40918 | Snake:4  | Reached XP level 17. HP: 126/126 MP: 13/41
 41079 | Snake:4  | Got a serpentine rune of Zot
 41370 | Shoals:1 | Entered Level 1 of the Shoals
 41371 | Shoals:1 | Noticed Mlioglotl
 41870 | Lair:3   | Killed Mlioglotl
 42542 | Lair:3   | Reached skill level 1 in Shields
 42716 | Shoals:1 | Got Sif Muna's Parchment of the Wendigo
 43118 | Shoals:1 | Noticed a kraken
 43127 | Shoals:1 | Killed a kraken
 44887 | Shoals:3 | Reached skill level 10 in Fighting
 45960 | Shoals:3 | Noticed Polyphemus
 45971 | Shoals:3 | Killed Polyphemus
 46482 | Shoals:3 | Reached skill level 18 in Summonings
 46682 | Shoals:4 | Entered Level 4 of the Shoals
 46746 | Shoals:4 | Paralysed by an air elemental for 1 turns
 46804 | Shoals:4 | Reached skill level 5 in Shields
 47425 | Shoals:4 | Paralysed by an air elemental for 1 turns
 47441 | Shoals:4 | Paralysed by an air elemental for 1 turns
 47444 | Shoals:4 | Paralysed by an air elemental for 1 turns
 47822 | Shoals:4 | Paralysed by an air elemental for 1 turns
 48338 | Shoals:4 | Paralysed by an air elemental for 1 turns
 48341 | Shoals:4 | Paralysed by an air elemental for 1 turns
 48881 | Shoals:4 | Reached XP level 18. HP: 111/136 MP: 2/42
 49084 | Shoals:4 | Got a barnacled rune of Zot
 49553 | Slime:1  | Entered Level 1 of the Pits of Slime
 49928 | Vaults:1 | Entered Level 1 of the Vaults
 50186 | Vaults:1 | Noticed Zenata
 50394 | Depths:1 | Entered Level 1 of the Depths
 50917 | Depths:1 | Reached skill level 5 in Armour
 51377 | Depths:1 | Found a one-way gate to the infinite horrors of the Abyss.
 51377 | Depths:1 | Noticed Louise
 51397 | Depths:1 | Killed Louise
 51591 | Depths:1 | Noticed a hellephant
 51729 | Depths:1 | Killed a hellephant
 52256 | Depths:1 | Found a gateway to Hell.
 52306 | Depths:1 | Noticed a hellephant
 52328 | Depths:1 | Killed a hellephant
 52657 | Depths:1 | Found a broken altar of Ashenzari.
 52812 | Depths:1 | Noticed Saint Roka
 52826 | Depths:1 | Killed Saint Roka
 52827 | Depths:1 | Reached skill level 19 in Summonings
 53301 | Depths:2 | Found Tomo Azy's Distillery.
 53520 | Depths:2 | Noticed Asterion
 53527 | Depths:2 | Killed Asterion
 53592 | Depths:2 | Found a magical portal.
 53599 | WizLab   | Entered Doroklohe's Tomb
 53856 | WizLab   | Noticed a Hell Sentinel
 53925 | WizLab   | Killed a Hell Sentinel
 53926 | WizLab   | Reached XP level 19. HP: 81/146 MP: 2/43
 54723 | Depths:2 | Found a hide-covered altar of Uskayaw.
 54880 | Depths:2 | Found a runed translucent door.
 54882 | Depths:2 | Noticed AverageBear's ghost (adept DsFi)
 54916 | Depths:2 | Killed AverageBear's ghost
 55267 | Depths:2 | Found a one-way gate leading to the halls of Pandemonium.
 55945 | Depths:3 | Found a one-way gateway to a ziggurat.
 56011 | Depths:3 | Learned a level 9 spell: Dragon's Call
 56435 | Depths:3 | Found a hazy altar of Hepliaklqana.
 56641 | Depths:3 | Found a large runed translucent door.
 56642 | Depths:3 | Found a large runed translucent door.
 56644 | Depths:3 | Noticed Liheutte's ghost (veteran MfMo)
 56843 | Depths:3 | Noticed a juggernaut
 56858 | Depths:3 | Noticed a caustic shrike
 56860 | Depths:3 | Killed a juggernaut
 58582 | Depths:3 | Found a hazy altar of Hepliaklqana.
 58707 | Depths:3 | Found a one-way gateway to a ziggurat.
 59315 | Depths:3 | Killed a caustic shrike
 59316 | Depths:3 | Reached skill level 10 in Shields
 60165 | Orc:2    | Bought a scroll of teleportation for 36 gold pieces
 60165 | Orc:2    | Bought a book of Decay for 360 gold pieces
 60165 | Orc:2    | Bought a scroll of torment for 114 gold pieces
 60382 | Depths:4 | Entered Level 4 of the Depths
 60583 | Depths:4 | Reached skill level 1 in Necromancy
 61368 | Depths:4 | Reached XP level 20. HP: 148/154 MP: 30/44
 61622 | Depths:4 | Learned a level 4 spell: Dispel Undead
 61832 | Depths:4 | Found a gate to the Realm of Zot.
 61834 | Depths:4 | Noticed a golden dragon
 61844 | Depths:4 | Killed a golden dragon
 62091 | Depths:4 | Noticed a bone dragon
 62100 | Depths:4 | Killed a bone dragon
 62617 | Depths:4 | Found Ganlol's Jewellery Shop.
 62789 | Depths:4 | Reached skill level 5 in Necromancy
 63020 | Depths:4 | Found an iron altar of Okawaru.
 63077 | Depths:4 | Found an iron altar of Okawaru.
 63128 | Depths:4 | Found a gate to the Realm of Zot.
 63448 | Depths:4 | Found Ganlol's Jewellery Shop.
 63819 | Depths:3 | Killed Liheutte's ghost
 64005 | Depths:3 | Found a one-way gateway to a ziggurat.
 64258 | Depths:3 | Found a hazy altar of Hepliaklqana.
 65055 | Elf:1    | Entered Level 1 of the Elven Halls
 65055 | Elf:1    | Found a runed translucent gate.
 65055 | Elf:1    | Found a runed translucent gate.
 65055 | Elf:1    | Found a runed translucent gate.
 65055 | Elf:1    | Found a runed translucent gate.
 65055 | Elf:1    | Found a runed translucent gate.
 65055 | Elf:1    | Found a runed translucent gate.
 65056 | Elf:1    | Found a runed translucent door.
 65073 | Elf:1    | Found a runed translucent door.
 65207 | Elf:1    | Reached skill level 1 in Translocations
 65277 | Elf:1    | Identified the +1 mace of Balance {vamp, *Noise rF+ Dex+2}
 65826 | Elf:1    | Reached skill level 20 in Summonings
 66097 | Elf:1    | Identified the +9 sling "Ozuowkya" {speed, rElec rF- rN++
                  | Stlth+}
 67003 | Elf:1    | Identified the +1 dagger of the Smoking Saviour {drain,
                  | *Slow +Blink rElec Str+7}
 67025 | Elf:1    | Found Xoxzot's Weapon Emporium.
 67233 | Elf:1    | Bought the +5 trident of the Enchanted Forest {flame,
                  | Fragile rCorr Int+5} for 878 gold pieces
 67710 | Elf:2    | Found an ancient bone altar of Kikubaaqudgha.
 68351 | Elf:2    | Found Weack's Antique Weapon Shoppe.
 68552 | Elf:2    | Found a runed translucent gate.
 68552 | Elf:2    | Found a runed translucent gate.
 68553 | Elf:2    | Found a runed translucent gate.
 68673 | Elf:3    | Entered Level 3 of the Elven Halls
 68947 | Elf:3    | Found Moavun's Book Shop.
 68949 | Elf:3    | Found Maaff's Jewellery Shoppe.
 68950 | Elf:3    | Found Onyaxeqe's Book Shop.
 68987 | Elf:3    | Bought a Grand Grimoire for 476 gold pieces
 68997 | Elf:3    | Learned a level 8 spell: Summon Horrible Things
 69716 | Elf:3    | Reached XP level 21. HP: 142/163 MP: 29/45
 70038 | Elf:3    | Identified the +10 trident of Anxiety {speed, *Rage rElec
                  | rCorr Int+3}
 70244 | Abyss:2  | Cast into level 2 of the Abyss (a deep elf sorcerer)
 70248 | Abyss:2  | Found a corrupted altar of Lugonu.
 70409 | Abyss:3  | Found a corrupted altar of Lugonu.
 70412 | Abyss:3  | Found a corrupted altar of Lugonu.
 70428 | Abyss:3  | Found a shimmering altar of Xom.
 70428 | Abyss:3  | Found a shimmering altar of Xom.
 70428 | Abyss:3  | Found a shimmering altar of Xom.
 70428 | Abyss:3  | Found a shimmering altar of Xom.
 70429 | Abyss:3  | Found a shimmering altar of Xom.
 70431 | Abyss:3  | Found a corrupted altar of Lugonu.
 70431 | Abyss:3  | Found a shimmering altar of Xom.
 70431 | Abyss:3  | Found a shimmering altar of Xom.
 70431 | Abyss:3  | Found a shimmering altar of Xom.
 70432 | Abyss:3  | Found a shimmering altar of Xom.
 70432 | Abyss:3  | Found a shimmering altar of Xom.
 70432 | Abyss:3  | Found a shimmering altar of Xom.
 70432 | Abyss:3  | Found a shimmering altar of Xom.
 70435 | Abyss:3  | Found a shimmering altar of Xom.
 70435 | Abyss:3  | Found a corrupted altar of Lugonu.
 70435 | Abyss:3  | Found a shimmering altar of Xom.
 70435 | Abyss:3  | Found a shimmering altar of Xom.
 70435 | Abyss:3  | Found a shimmering altar of Xom.
 70435 | Abyss:3  | Found a shimmering altar of Xom.
 70435 | Abyss:3  | Found a shimmering altar of Xom.
 70435 | Abyss:3  | Found a shimmering altar of Xom.
 70435 | Abyss:3  | Found a shimmering altar of Xom.
 70435 | Abyss:3  | Found a shimmering altar of Xom.
 70435 | Abyss:3  | Found a shimmering altar of Xom.
 70435 | Abyss:3  | Found a shimmering altar of Xom.
 70435 | Abyss:3  | Found a shimmering altar of Xom.
 70435 | Abyss:3  | Found a shimmering altar of Xom.
 70435 | Abyss:3  | Found a corrupted altar of Lugonu.
 70435 | Abyss:3  | Found a shimmering altar of Xom.
 70435 | Abyss:3  | Found a shimmering altar of Xom.
 70435 | Abyss:3  | Found a shimmering altar of Xom.
 70435 | Abyss:3  | Found a shimmering altar of Xom.
 70435 | Abyss:3  | Found a shimmering altar of Xom.
 70435 | Abyss:3  | Found a shimmering altar of Xom.
 70435 | Abyss:3  | Found a shimmering altar of Xom.
 70435 | Abyss:3  | Found a shimmering altar of Xom.
 70435 | Abyss:3  | Found a shimmering altar of Xom.
 70435 | Abyss:3  | Found a shimmering altar of Xom.
 70435 | Abyss:3  | Found a shimmering altar of Xom.
 71152 | Elf:3    | Escaped the Abyss
 71269 | Elf:3    | Paralysed by an air elemental for 1 turns
 71289 | Elf:3    | Identified the +0 plate armour "Nunaunta" {Regen+}
 71297 | Elf:3    | Reached skill level 10 in Armour
 71895 | Elf:3    | Identified the +3 morningstar "Murmur" {freeze, *Noise
                  | Str+3 Int+2}
 72018 | Elf:3    | Identified the +6 dagger "Uweenn" {venom, rF++}
 72160 | Elf:3    | Identified the +2 hand axe "Uteg" {drain, rC+ Str+2 Dex+2}
 72651 | Slime:1  | Reached skill level 5 in Translocations
 74356 | Slime:4  | Reached skill level 21 in Summonings
 74710 | Slime:5  | Entered Level 5 of the Pits of Slime
 74877 | Slime:5  | Reached XP level 22. HP: 172/172 MP: 31/47
 75014 | Slime:5  | Noticed the Royal Jelly
 75357 | Slime:5  | Found a viscous altar of Jiyva.
 75357 | Slime:5  | Found the +0 staff of Battle
 75360 | Slime:5  | Found the +0 pair of fencer's gloves {Riposte Dex+3}
 75596 | Slime:5  | Killed the Royal Jelly
 76068 | Slime:5  | Got Niadu's Anthology of the Impact
 76095 | Slime:5  | Identified the ring of Buluidgh {rC+ Str+3}
 76105 | Slime:5  | Got a slimy rune of Zot
 76109 | Slime:5  | Identified the ring of Wuudacwi {Fire Dex+3 SInv}
 76131 | Slime:5  | Identified the amulet of Ashrom {Spirit rF- Str+5}
 76167 | Slime:5  | Identified the ring of Jeanol {Fly rPois Will+ Str+2}
 76185 | Slime:5  | Learned a level 7 spell: Malign Gateway
 76633 | Zot:1    | Entered Level 1 of the Realm of Zot
 76951 | Zot:1    | Noticed a golden dragon
 76969 | Zot:1    | Killed a golden dragon
 78121 | Zot:2    | Noticed a golden dragon
 78129 | Zot:1    | Killed a golden dragon
 78155 | Zot:1    | Reached skill level 10 in Translocations
 78561 | Zot:2    | Noticed a curse toe
 78568 | Zot:2    | Killed a curse toe
 78749 | Zot:2    | Noticed a golden dragon
 78755 | Zot:2    | Killed a golden dragon
 79095 | Zot:2    | Reached skill level 22 in Summonings
 79104 | Zot:2    | Noticed a Killer Klown
 79121 | Zot:2    | Killed a Killer Klown
 79234 | Zot:2    | Reached XP level 23. HP: 176/179 MP: 24/48
 79884 | Zot:3    | Noticed a curse toe
 79930 | Zot:3    | Killed a curse toe
 81209 | Zot:2    | Identified the +2 glaive "Worm" {spect, rElec}
 81216 | Zot:2    | Reached skill level 23 in Summonings
 81420 | Zot:2    | Identified the ring of Jealousy {Ice Slay+3}
 81420 | Zot:2    | Noticed Josephina
 81433 | Zot:2    | Killed Josephina
 83374 | Zot:3    | Found Neuc's Changing Room.
 84232 | Zot:4    | Noticed a curse toe
 84260 | Zot:4    | Killed a curse toe
 84705 | Zot:4    | Noticed a curse toe
 84725 | Zot:4    | Killed a curse toe
 85030 | Zot:4    | Reached skill level 24 in Summonings
 85417 | Zot:5    | Entered Level 5 of the Realm of Zot
 85675 | Zot:5    | Noticed a curse toe
 85682 | Zot:5    | Killed a curse toe
 85845 | Zot:5    | Reached XP level 24. HP: 177/187 MP: 38/48
 86011 | Zot:5    | Noticed a Killer Klown
 86017 | Zot:5    | Killed a Killer Klown
 86270 | Zot:5    | Noticed a Killer Klown
 86278 | Zot:5    | Killed a Killer Klown
 86314 | Zot:5    | Noticed an orb of fire
 86322 | Zot:5    | Noticed an ancient lich
 86350 | Zot:5    | Killed an orb of fire
 86357 | Zot:5    | Killed an ancient lich
 86614 | Zot:5    | Noticed an orb of fire
 86614 | Zot:5    | Noticed an orb of fire
 87061 | Vaults:1 | Killed Zenata
 87082 | Vaults:1 | Reached skill level 25 in Summonings
 87311 | Vaults:1 | Identified the +4 ring mail "Muazelis" {Fly rElec rC-
                  | Will++}
 88561 | Vaults:1 | Paralysed by a great orb of eyes for 3 turns
 89554 | Vaults:2 | Reached skill level 26 in Summonings
 90298 | Vaults:2 | Noticed Boris
 90332 | Vaults:2 | Killed Boris
 91691 | Vaults:3 | Found a staircase to the Crypt.
 91775 | Vaults:3 | Reached XP level 25. HP: 193/193 MP: 35/49
 92466 | Vaults:3 | Noticed Boris
 92920 | Vaults:3 | Killed Boris
 93543 | Vaults:4 | Found Urhiqeum's Weapon Boutique.
 94613 | Crypt:1  | Entered Level 1 of the Crypt
 94619 | Crypt:1  | Noticed Mennas
 94723 | Vaults:4 | Learned a level 9 spell: Dragon's Call
 94788 | Vaults:5 | Entered Level 5 of the Vaults
 95424 | Zot:5    | Killed an orb of fire
 95442 | Zot:5    | Killed an orb of fire
 95636 | Zot:5    | Noticed a Killer Klown
 95647 | Zot:5    | Killed a Killer Klown
 95757 | Zot:5    | Noticed an orb of fire
 95779 | Zot:5    | Killed an orb of fire
 95780 | Zot:5    | Reached skill level 27 in Summonings
 96016 | Zot:5    | Noticed an ancient lich
 96027 | Zot:5    | Killed an ancient lich
 96028 | Zot:5    | Reached skill level 15 in Fighting
 96309 | Zot:5    | Noticed an orb of fire
 96324 | Zot:5    | Killed an orb of fire
 96331 | Zot:5    | Noticed an orb of fire
 96342 | Zot:5    | Noticed a Killer Klown
 96344 | Zot:5    | Killed an orb of fire
 96356 | Zot:5    | Killed a Killer Klown
 96822 | Zot:5    | Noticed an ancient lich
 97083 | Zot:5    | Killed an ancient lich
 97803 | Zot:5    | Noticed an ancient lich
 97837 | Zot:5    | Killed an ancient lich
 98046 | Zot:5    | Noticed an orb of fire
 98056 | Zot:5    | Killed an orb of fire
 98057 | Zot:5    | Reached XP level 26. HP: 141/204 MP: 18/51
 98267 | Zot:5    | Noticed an orb of fire
 98543 | Zot:5    | Killed an orb of fire
 99142 | Zot:5    | Got the Orb of Zot
 99409 | D:14     | Noticed Vouc the pandemonium lord
 99498 | D:11     | Noticed Zuama the pandemonium lord
 99762 | D:$      | Escaped with the Orb!

Illustrated notes

Levels and vault maps discovered:
D:1:      mrwooster_arrival_arrow, layout_loops_corners,
          chequers_ecumenical_altar_lobes
D:2:      layout_basic, minivault_4, hangedman_feature_mirror,
          hangedman_abyss_or_decor_stabs, amethyst_killhole
D:3:      layout_basic, minmay_fractal_squares_5, uniq_natasha, uniq_terence,
          uniq_grinder
D:4:      layout_loops_ring, xom_butterflies, gammafunk_temple_overflow_claw
D:5:      layout_basic, minmay_temple_entry_stoned_glass
D:6:      layout_cave_pools, serial_shops, nicolae_shop_hallway_plus
D:7:      hellmonk_crumbling_castle, layout_layer_cave
D:8:      layout_basic, serial_demonic, serial_demonic_c, serial_demonic_d,
          serial_demonic_a, serial_demonic_a, uniq_grum, uniq_joseph
D:9:      layout_cross, lair_entry_dummy
D:10:     layout_gridville, lightli_temple_of_fire, uniq_snorg, uniq_harold,
          uniq_psyche
D:11:     layout_stronghold, david_orc_3, gauntlet_entry_generic,
          nicolae_kikubaaqudgha_miasma_corner
D:12:     layout_roguey
D:13:     layout_loops_corners, portal_ice_cave_entry_imps,
          nicolae_vehumet_altar_sigil
D:14:     dreamdust_dug_too_deep, layout_loops_ring, david_vaults_2,
          kennysheep_nondescript
D:15:     gammafunk_depths_entry_grave, layout_rooms,
          nicolae_kite_square_tiling_tiny, gammafunk_ghost_hydra_chop,
          serial_shops, bzr_entry_dummy, uniq_roxanne
Lair:1:   layout_cave_pods, chequers_serial_rivers_micro_e, serial_bayou_shore_a
Lair:2:   layout_chaotic_city, nicolae_snake_entry_squirm, beast_lair_carwin_11
Lair:3:   cheibrodos_lair_river_kwai, layout_cellular_growth,
          elwin_shoals_entry_rooms, infiniplex_staircase_pool,
          grunt_megastairs_1
Lair:4:   layout_small_grid, dpeg_slime_entry_corner, lemuel_oklob_altar,
          grunt_megastairs_3
Lair:5:   hangedman_lair_tendril_chambers, layout_misc_corridors,
          hangedman_lair_caniforms_friends
Shoals:1: layout_shoals, uniq_mlioglotl
Shoals:2: layout_shoals
Shoals:3: layout_shoals, uniq_polyphemus
Shoals:4: shoals_end_hellmonk_storm_palace [storm_palace_center_square,
          storm_palace_corner_grid, storm_palace_corner_pillars,
          storm_palace_corner_pillars, storm_palace_corner_reverse_hut],
          serial_shops
Snake:1:  layout_basic, serial_shops, shop
Snake:2:  layout_misc_corridors, uniq_aizul
Snake:3:  layout_onion_interference, drop_trap, lemuel_fruit_tree,
          minmay_shoptagon
Snake:4:  minmay_snake_end_coiled, layout_misc_corridors,
          nicolae_snake_dead_anacondas, uniq_mara, uniq_vashnia
Slime:1:  layout_caves
Slime:2:  cheibrodos_slime_lost_civilization_3, layout_caves,
          nicolae_slime_phagocytosis
Slime:3:  nicolae_slime_infinislime, layout_caves
Slime:4:  layout_caves
Slime:5
Orc:1:    layout_caves, serial_shops, nicolae_shop_crystal
Orc:2:    st_orc_mages, layout_diamond_mine
Elf:1:    nicolae_elf_arrival_dilemma, layout_loops_cross, serial_shops, shop,
          hangedman_elf_disciples
Elf:2:    elven_hall_of_blades_hangedman_original [nicolae_blade_lattice],
          layout_loops_corners, basic_altar, serial_shops,
          nicolae_take_the_stairs
Elf:3:    nooodl_elf_gasket, layout_loops_corners, minmay_shop_grove
Vaults:1: v_misc_27, hangedman_vaults_pinch, ontoclasm_vaults_gateway,
          v_misc_14, ontoclasm_vaults_shuriken, v_alt_pattern_4,
          nicolae_vaults_gold_heap, v_misc_27, nicolae_vaults_alarming,
          nicolae_vaults_network_barrier, v_misc_32, layout_vaults_ring,
          uniq_zenata
Vaults:2: hangedman_vaults_stretched_pinwheel, v_misc_13,
          ontoclasm_vaults_ring_square, nicolae_vaults_inception_corners,
          nicolae_vaults_circle_grid_b, ontoclasm_vaults_chip,
          nicolae_vaults_network_star, v_alt_pattern_6,
          hangedman_vaults_corner_blocks, nicolae_vaults_sealed_display,
          vaults_dpeg_emergency_exit, grunt_vaults_hallway_short,
          nicolae_vaults_yaktaur_gun_rack, layout_vaults_maze_snakey, uniq_boris
Vaults:3: nicolae_vaults_theta, v_misc_14, grunt_vaults_bifocal,
          nicolae_vaults_ring_of_whatevers, v_misc_11, hangedman_vaults_hat,
          st_lattice, nicolae_vaults_ring_of_whatevers, ontoclasm_vaults_tryst,
          nicolae_vaults_circle_grid_a, vaults_room_hallway, vaults_dpeg_ring,
          nicolae_vaults_three_branches, layout_vaults_omnicross
Vaults:4: nicolae_vaults_hallways_thing, v_misc_18, vaults_room_stairs_pillars,
          vaults_room_stairs_pillars, nicolae_vaults_border_crossing,
          layout_vaults_omnigrid, serial_shops, nicolae_shop_window_shopping
Vaults:5
Crypt:1:  layout_rooms, minmay_misc_feat_hallway, uniq_mennas
Depths:1: layout_cave_shapes, nicolae_abyss_entry_one_way_or_another, zin_angel,
          grunt_hell_horde, ashenzari_conservatory_becter, uniq_saint_roka
Depths:2: minmay_isolated_rectangles_in_corner, layout_cave_pools,
          infiniplex_enter_wizlab_glasses, serial_shops, shop,
          ebering_ghost_inner_flame, nicolae_uskayaw_murder_on_the_dancefloor,
          hell_entry, grunt_pan_entry_in_and_out, abyss_entry, uniq_asterion
Depths:3: evilmike_hourglass, layout_gridville, enter_ziggurat_c,
          ebering_ghost_disaster_area, lemuel_crystal_altar, hell_entry,
          hangedman_abyss_entry_splay
Depths:4: grunt_x_marks_the_spot, layout_gridlike, okawaru_gym_becter,
          abyss_entry, serial_shops, shop_fountains, pf_hell_entry_tar_river,
          serial_bayou_shore_b
Zot:1:    kennysheep_blocky_room, layout_concentric_octagons, uniq_grunn
Zot:2:    infiniplex_zot_generator, layout_twisted_circle, uniq_josephina
Zot:3:    layout_concentric_octagons, nicolae_transmutations_shop,
          zot_minivault_3
Zot:4:    layout_concentric_octagons
Zot:5:    layout_misc_corridors

Skill      XL: |  1  2  3  4  5  6  7  8  9 10 11 12 13 14 15 16 17 18 19 20 21 22 23 24 25 26 |
---------------+-------------------------------------------------------------------------------+-----
Stealth        | 1 6 |  6.0
Spellcasting   | 2 3 5 6 7 10 11 13 18 20 21 22 24 | 24.0
Fire Magic     | 3 |  3.0
Short Blades   | 4 5 6 |  6.0
Fighting       | 4 5 6 7 9 10 11 12 13 14 16 | 16.9
Armour         | 2 3 4 6 8 9 10 11 12 | 12.1
Dodging        | 2 |  2.0
Evocations     | 3 4 |  4.0
Summonings     | 5 8 10 13 15 16 17 18 19 20 21 22 24 26 27 | 27.0
Ice Magic      | 3 |  3.0
Hexes          | 4 6 |  6.0
Shields        | 6 8 10 11 12 13 | 13.1
Necromancy     | 3 6 |  6.0
Translocations | 2 7 10 | 10.0

Action                     |  1- 3 |  4- 6 |  7- 9 | 10-12 | 13-15 | 16-18 | 19-21 | 22-24 | 25-27 || total
---------------------------+-------+-------+-------+-------+-------+-------+-------+-------+-------++-------
  Melee: Short sword       |    49 |       |       |       |       |       |       |       |       ||    49
         Punch             |     2 |       |       |       |       |       |       |       |       ||     2
         Dagger            |   102 |     9 |   297 |   388 |   292 |       |       |       |       ||  1088
         Whip              |       |       |       |       |    52 |    21 |    18 |       |       ||    91
         Trident           |       |       |       |       |       |       |    40 |   140 |    66 ||   246
         Staff             |       |       |       |       |       |       |     4 |       |       ||     4
  Throw: Dart              |       |       |       |     2 |       |       |       |       |       ||     2
         Throwing net      |       |       |       |       |       |     2 |       |       |       ||     2
   Cast: Scorch            |       |     8 |   181 |    19 |       |       |       |       |       ||   208
         Summon Ice Beast  |       |       |    12 |    63 |    35 |     3 |     1 |       |       ||   114
         Summon Mana Viper |       |       |       |    57 |    53 |     8 |    12 |     7 |     6 ||   143
         Monstrous Menager |       |       |       |       |   250 |   254 |   184 |     4 |    13 ||   705
         Inner Flame       |       |       |       |       |    14 |       |       |     4 |       ||    18
         Anguish           |       |       |       |       |    15 |     5 |     3 |       |       ||    23
         Summon Forest     |       |       |       |       |     8 |    42 |    74 |    22 |     2 ||   148
         Summon Hydra      |       |       |       |       |     2 |   158 |   190 |    57 |     2 ||   409
         Dragon's Call     |       |       |       |       |       |       |     1 |       |    20 ||    21
         Confusing Touch   |       |       |       |       |       |       |     1 |       |       ||     1
         Dispel Undead     |       |       |       |       |       |       |    12 |       |       ||    12
         Summon Horrible T |       |       |       |       |       |       |    20 |   271 |    81 ||   372
         Cause Fear        |       |       |       |       |       |       |     7 |     4 |       ||    11
         Malign Gateway    |       |       |       |       |       |       |       |     5 |       ||     5
         Vampiric Draining |       |       |       |       |       |       |       |     1 |       ||     1
 Invoke: Foxfire Swarm     |     1 |     1 |     3 |       |       |       |       |       |       ||     5
         Fiery Armour      |       |     1 |     3 |     1 |       |       |       |       |       ||     5
         Rising Flame      |       |       |       |       |       |       |       |       |     1 ||     1
  Evoke: Wand              |       |       |     7 |    10 |    32 |     8 |    17 |    18 |     2 ||    94
         Phial of floods   |       |       |       |       |     4 |     3 |     3 |     4 |     1 ||    15
         Tin of tremorston |       |       |       |       |       |     7 |     8 |     7 |     2 ||    24
         Phantom mirror    |       |       |       |       |       |     4 |     4 |     3 |     1 ||    12
         Condenser vane    |       |       |       |       |       |       |     4 |     8 |     2 ||    14
         Box of beasts     |       |       |       |       |       |       |     2 |     2 |     1 ||     5
    Use: Scroll            |       |       |     9 |     5 |     8 |    21 |     8 |    22 |    12 ||    85
   Stab: Sleeping          |     2 |       |       |       |     1 |     2 |     1 |     2 |       ||     8
         Distracted        |       |       |     1 |     4 |     6 |     1 |       |     1 |     3 ||    16
         Paralysed         |       |       |       |       |     4 |       |       |       |       ||     4
         Confused          |       |       |       |       |       |     2 |       |       |       ||     2
 Armour: Robe              |    19 |     5 |    31 |       |       |       |       |       |       ||    55
         Steam dragon scal |       |       |    51 |   146 |   193 |       |       |       |       ||   390
         Acid dragon scale |       |       |       |       |    36 |   126 |    55 |       |       ||   217
         Ice dragon scales |       |       |       |       |       |       |   136 |   225 |    54 ||   415
  Dodge: Dodged            |    58 |     1 |   238 |   216 |   268 |   104 |   105 |    92 |    35 ||  1117
  Block: Kite shield       |       |       |       |       |       |    79 |   268 |   287 |    65 ||   699

Table legend: (Time is in decaauts)
 A = Elapsed time spent in this place.
 B = Non-inter-level travel time spent in this place.
 C = Inter-level travel time spent in this place.
 D = Time resting spent in this place.
 E = Time spent auto-exploring this place.
 F = Levels seen in this place.
 G = Mean time per level.
                   A        B        C        D        E       F      G
               +--------+--------+--------+--------+--------+-----+--------+
         Total |  99883 |  93676 |   6207 |  17008 |  58511 |  59 | 1692.9 |
       Dungeon |  21899 |  19903 |   1996 |   2172 |  14189 |  15 | 1459.9 |
          Lair |  12151 |  11033 |   1118 |   1428 |   7899 |   5 | 2430.2 |
        Shoals |   7067 |   6791 |    276 |   1386 |   4227 |   4 | 1766.8 |
     Snake Pit |   6616 |   6416 |    200 |    552 |   4773 |   4 | 1654.0 |
    Slime Pits |   3334 |   3179 |    155 |    865 |   1389 |   5 |  666.8 |
  Orcish Mines |   2602 |   2329 |    273 |    277 |   1657 |   2 | 1301.0 |
   Elven Halls |   6507 |   6204 |    303 |   1029 |   3903 |   3 | 2169.0 |
        Vaults |   8306 |   7903 |    403 |    544 |   5912 |   5 | 1661.2 |
         Crypt |      7 |      7 |      0 |      0 |      0 |   1 |    7.0 |
        Depths |  13570 |  12642 |    928 |   2789 |   7643 |   4 | 3392.5 |
           Zot |  14384 |  13832 |    552 |   4476 |   6439 |   5 | 2876.8 |
         Abyss |    914 |    914 |      0 |    402 |      0 |   2 |  457.0 |
        Bazaar |    249 |    249 |      0 |      0 |    193 |   1 |  249.0 |
      Ice Cave |    764 |    764 |      0 |    449 |      0 |   1 |  764.0 |
        Wizlab |    745 |    745 |      0 |    354 |     66 |   1 |  745.0 |
      Gauntlet |    760 |    760 |      0 |    284 |    220 |   1 |  760.0 |
               +--------+--------+--------+--------+--------+-----+--------+

Top non-repeatable levels by time:
   Zot:5: 4998 daAuts
Depths:3: 4659 daAuts
   Zot:2: 3569 daAuts
Depths:4: 3381 daAuts
Depths:1: 3350 daAuts
  Lair:5: 3320 daAuts
  Lair:3: 3317 daAuts
    D:15: 2842 daAuts
   Elf:3: 2832 daAuts
Shoals:4: 2746 daAuts
Vaults:3: 2571 daAuts
  Lair:4: 2500 daAuts
   Zot:3: 2309 daAuts
   Elf:1: 2285 daAuts
Depths:2: 2178 daAuts
